[Event "Team 45 45 League T41"]
[Site "Internet Chess Club"]
[Date "2009.05.14"]
[Round "3"]
[White "tiki5140"]
[Black "tightfist"]
[Result "0-1"]
[WhiteElo "1356"]
[BlackElo "1666"]
[Opening "Caro-Kann: advance variation"]
[ECO "B12"]
[Time "19:02:56"]
[TimeControl "2700+45"]

1. e4 c6 2. d4 d5 3. e5 Bf5 4. Nf3 h6 5. Be2 e6 6. O-O Ne7 7. Nbd2 Bh7 8. c3 Nf5
9. Nb3 Nd7 10. Bd3 Be7 11. Bf4 Nb6 12. Qc2 Nc4 13. Nbd2 g5 14. Bg3 Nxd2 15. Nxd2
Kd7 16. h3 Nxg3 17. fxg3 Be4 18. Nxe4 dxe4 19. Bxe4 Qg8 20. Qb3 Rb8 21. g4 Qg7
22. Rf2 f6 23. exf6 Bxf6 24. Raf1 Rhf8 25. Kh1 Be7 26. Rxf8 Bxf8 27. c4 Bd6 28.
d5 exd5 29. cxd5 c5 30. Bf5+ Kc7 31. Qc3 Qe7 32. Be6 Kb6 33. Qb3+ Ka6 34. a4 Qe8
35. Bf7 Qe2 36. Qb5+ Qxb5 37. axb5+ Kxb5 38. Rf6 Be5 39. Rxh6 Bxb2 40. h4 gxh4
41. Rxh4 Rh8 42. Rxh8 Bxh8 43. Kh2 a5 44. Be8+ Kb4 45. Kh3 c4 46. d6 Bf6 47. d7
c3 48. Bg6 a4 49. Kg3 a3 50. Kf4 Kb3 51. Bf7+ Kb2 52. g5 Bd8 53. g6 c2 54. g7
c1=Q+ 55. Kf3 Qf1+ 56. Ke4 {White resigns} 0-1

[Event "Team 45 45 League T41"]
[Site "Internet Chess Club"]
[Date "2009.05.14"]
[Round "3"]
[White "tryanything"]
[Black "Knightmare99"]
[Result "1-0"]
[WhiteElo "1601"]
[BlackElo "1153"]
[Opening "Sicilian: Smith-Morra gambit"]
[ECO "B21"]
[Time "17:55:03"]
[TimeControl "2700+45"]

1. e4 c5 2. d4 cxd4 3. c3 dxc3 4. Nxc3 e5 5. Nf3 Nc6 6. Bc4 Nf6 7. Ng5 d5 8.
exd5 h6 9. Nxf7 Kxf7 10. dxc6+ Ke8 11. Bf7+ Ke7 12. Qxd8+ Kxd8 13. cxb7 Bxb7 14.
O-O Ke7 15. Bb3 Rd8 16. Be3 a6 17. Rac1 Nd5 18. Nxd5+ Bxd5 19. Bxd5 Rxd5 20. g3
g5 21. Rc7+ Rd7 22. Rc6 a5 23. Ra6 Rd5 24. Bb6 Rd2 25. Rxa5 Rxb2 26. Be3 Ke6 27.
a4 Bb4 28. Ra6+ Kf5 29. a5 Ra2 30. Bb6 Rc8 31. h3 h5 32. Ra7 Rc5 33. Bxc5 Bxc5
34. Ra8 g4 35. hxg4+ hxg4 36. a6 Ke4 37. Kg2 Kd3 38. a7 Rxa7 39. Rxa7 Bxa7 40.
f3 gxf3+ 41. Rxf3+ Kd2 42. Kf1 e4 43. Rf7 Bc5 44. Rd7+ Ke3 45. g4 Kf4 46. g5
Kxg5 47. Rd5+ Kf4 48. Rxc5 Ke3 49. Ke1 Kd4 50. Ra5 Ke3 51. Ra3+ Kd4 52. Ke2 Kc4
53. Ke3 Kd5 54. Ra4 Kc5 55. Kxe4 Kd6 56. Ra5 Kc6 57. Ke5 Kb6 58. Rd5 Kc6 59. Ke6
Kb6 60. Kd7 Kb7 61. Rc5 Kb6 62. Kd6 Kb7 63. Rc6 Ka7 64. Kc7 Ka8 65. Ra6# {Black
checkmated} 1-0

[Event "Team 45 45 League T41"]
[Site "Internet Chess Club"]
[Date "2009.05.15"]
[Round "3"]
[White "J4Jesus"]
[Black "Aquaman"]
[Result "0-1"]
[WhiteElo "946"]
[BlackElo "1373"]
[Opening "QGD"]
[ECO "D52"]
[Time "16:00:07"]
[TimeControl "2700+45"]

1. d4 Nf6 2. Nf3 d5 3. c4 c6 4. Nc3 e6 5. Bg5 Nbd7 6. e3 a6 7. Be2 dxc4 8. Bxc4
b5 9. Bd3 Be7 10. O-O O-O 11. Ne5 Bb7 12. Nxd7 Qxd7 13. Bxf6 Bxf6 14. Ne4 Be7
15. b3 Rac8 16. Nc5 Bxc5 17. dxc5 Rcd8 18. Bc2 Qe7 19. Bd3 Qxc5 20. Rc1 Qd6 21.
Be4 f5 22. Qxd6 Rxd6 23. Bf3 e5 24. e4 f4 25. Rcd1 Rfd8 26. Rxd6 Rxd6 27. g3 g5
28. h4 h6 29. Rd1 Rd4 30. Rxd4 exd4 31. e5 Kf7 32. hxg5 hxg5 33. Bh5+ Ke6 34.
gxf4 gxf4 35. Kg2 Kxe5 36. Kf3 c5+ 37. Ke2 c4 38. Kd2 c3+ 39. Kc2 b4 40. f3 a5
41. Bg4 Bd5 42. Bh5 Be6 43. Bg6 Bf5+ 44. Bxf5 Kxf5 45. Kc1 d3 46. Kd1 Ke5 47.
Kc1 Kd4 48. Kd1 Ke3 49. Kc1 Kxf3 50. Kd1 Ke3 51. Kc1 f3 52. a3 bxa3 53. Kd1 a2
54. Kc1 a1=Q# {White checkmated} 0-1

[Event "Team 45 45 League T41"]
[Site "Internet Chess Club"]
[Date "2009.05.15"]
[Round "3"]
[White "BigH"]
[Black "BrerRabbit"]
[Result "1-0"]
[WhiteElo "1739"]
[BlackElo "1568"]
[Opening "King's Indian: fianchetto, classical variation, 8.e4"]
[ECO "E68"]
[Time "07:03:55"]
[TimeControl "2700+45"]

1. Nf3 Nf6 2. c4 g6 3. g3 Bg7 4. Bg2 O-O 5. O-O d6 6. d4 Nbd7 7. Nc3 e5 8. e4 a6
9. h3 b5 10. cxb5 axb5 11. Nxb5 Ba6 12. dxe5 Ne8 13. Nbd4 Bxf1 14. Nc6 Bxg2 15.
Kxg2 Nxe5 16. Nxd8 Rxd8 17. Nxe5 Bxe5 18. f4 Bg7 19. Qc2 c5 20. Bd2 Rb8 21. Bc3
Nc7 22. Bxg7 Kxg7 23. Rd1 Rfd8 24. b3 Ne6 25. f5 Nd4 26. Qf2 Re8 27. Rxd4 cxd4
28. Qxd4+ Kg8 29. Qxd6 Rbd8 30. Qf4 Rd4 31. f6 Rdxe4 32. Qh6 Re2+ 33. Kf3 R8e3+
34. Qxe3 {Black resigns} 1-0

[Event "Team 45 45 League T41"]
[Site "Internet Chess Club"]
[Date "2009.05.15"]
[Round "3"]
[White "bmw2002"]
[Black "cysk"]
[Result "0-1"]
[WhiteElo "1588"]
[BlackElo "1561"]
[Opening "English opening"]
[ECO "A13"]
[Time "18:28:04"]
[TimeControl "2700+45"]

1. c4 e6 2. g3 d5 3. Bg2 Nf6 4. cxd5 exd5 5. d4 Nc6 6. Nf3 Be7 7. Nc3 O-O 8. O-O
Ne4 9. e3 Be6 10. Nd2 Nf6 11. e4 Nxd4 12. exd5 Nxd5 13. Nde4 Nxc3 14. Nxc3 c6
15. Be3 Nf5 16. Bf4 Qb6 17. b3 Bf6 18. Rc1 Rad8 19. Qc2 Nd4 20. Qe4 Bf5 21. Qe3
Qa5 22. Ne4 Bxe4 23. Bxe4 g5 24. Bxg5 Bxg5 25. Qxg5+ Qxg5 {White resigns} 0-1

[Event "Team 45 45 League T41"]
[Site "Internet Chess Club"]
[Date "2009.05.16"]
[Round "3"]
[White "AngryPirate"]
[Black "zepled37"]
[Result "0-1"]
[WhiteElo "1417"]
[BlackElo "1609"]
[Opening "Sicilian: Grand Prix attack"]
[ECO "B23"]
[Time "19:00:58"]
[TimeControl "2700+45"]

1. e4 c5 2. Nc3 Nc6 3. f4 e6 4. Bb5 a6 5. Bxc6 bxc6 6. Nf3 d5 7. d3 Nf6 8. e5
Nd7 9. O-O Be7 10. Qe1 O-O 11. Qg3 Re8 12. f5 exf5 13. Bh6 Bf8 14. Ng5 Nxe5 15.
Nh3 Ng6 16. Bg5 Be7 17. Bxe7 Qxe7 18. Rae1 Ne5 19. Kh1 f6 20. Nf4 Qf8 21. Nh5
Ng6 22. Rxe8 Qxe8 23. Qc7 Qd7 24. Qg3 a5 25. Na4 Qa7 26. Re1 Ba6 27. Qd6 c4 28.
Qe6+ Qf7 29. Qxc6 Bb7 30. Qb6 Re8 31. Rxe8+ Qxe8 32. h3 Qd7 33. Nc5 Qe7 34. Qxb7
Qe1+ 35. Kh2 Qe5+ 36. Ng3 f4 37. Qc8+ Kf7 38. Qd7+ Ne7 39. Nf1 f3+ 40. Kg1 Qd4+
41. Kh2 Qxc5 42. gxf3 Qf2+ {White resigns} 0-1

[Event "Team 45 45 League T41"]
[Site "Internet Chess Club"]
[Date "2009.05.16"]
[Round "3"]
[White "AlPearson"]
[Black "moreffee"]
[Result "1-0"]
[WhiteElo "1385"]
[BlackElo "1347"]
[Opening "English opening"]
[ECO "A17"]
[Time "14:02:20"]
[TimeControl "2700+45"]

1. c4 Nf6 2. Nc3 e6 3. g3 c6 4. Bg2 Be7 5. e4 d6 6. Nge2 Nbd7 7. O-O O-O 8. d3
Nc5 9. b4 Na6 10. b5 cxb5 11. Nxb5 Bd7 12. a4 Nc7 13. Ba3 Bxb5 14. axb5 Rb8 15.
Qc2 b6 16. Ra2 a5 17. bxa6 Nxa6 18. Rb1 Nc5 19. Nd4 Qd7 20. Nb5 Rfc8 21. Qd1 d5
22. exd5 exd5 23. Bxd5 Nxd5 24. cxd5 Qxd5 25. Rc2 Bf6 26. Rbc1 Rd8 27. Bxc5 bxc5
28. Rxc5 Qf5 29. Rxf5 {Black resigns} 1-0

[Event "Team 45 45 League T41"]
[Site "Internet Chess Club"]
[Date "2009.05.14"]
[Round "3"]
[White "Ser-Enigma"]
[Black "bobhill"]
[Result "0-1"]
[WhiteElo "2165"]
[BlackElo "2075"]
[Opening "English: symmetrical, main line with d4"]
[ECO "A39"]
[Time "23:01:25"]
[TimeControl "2700+45"]

1. c4 c5 2. Nf3 Nc6 3. Nc3 Nf6 4. g3 g6 5. Bg2 Bg7 6. O-O O-O 7. d4 cxd4 8. Nxd4
a6 9. Nc2 Qa5 10. a3 d6 11. b4 Qh5 12. h4 Be6 13. b5 Na5 14. bxa6 Rxa6 15. Rb1
Bxc4 16. Nb4 Raa8 17. Nd3 Qg4 18. Be3 Nh5 19. Nb5 Nc6 20. Nc7 Rxa3 21. Rxb7 Nd4
22. Re1 Nxe2+ 23. Qxe2 Qxe2 24. Rxe2 Rxd3 25. Re1 e6 26. Bf1 Rc3 27. Bxc4 Rxc4
28. Nb5 d5 29. Rb1 d4 30. Bg5 Nf6 31. Bxf6 Bxf6 32. Nd6 Rc2 33. Ne4 Bg7 34. Rd7
h6 35. Rbb7 Be5 36. f4 Ra8 37. Rb1 Bg7 38. Nd6 d3 39. Ne4 f5 40. Nf2 d2 41. Rd1
Ra1 42. Rxa1 Bxa1 43. Nd1 e5 44. fxe5 Bxe5 45. Kf2 f4 46. g4 Bf6 47. h5 Bh4+ 48.
Kf3 g5 49. Ke2 Be1 50. Rd3 Rc4 51. Rd6 Kg7 52. Rg6+ Kh7 53. Rd6 f3+ 54. Kxf3
Rf4+ 55. Ke3 Rxg4 56. Rd7+ Kg8 57. Rd6 Kg7 58. Rd7+ Kf6 59. Rd6+ Kf5 60. Rxh6
Re4+ 61. Kd3 Re6 62. Rh8 g4 63. Rg8 g3 64. h6 Rxh6 65. Ne3+ Ke6 66. Ke2 Kf7 67.
Rd8 Re6 68. Kf3 Rxe3+ {White resigns} 0-1

[Event "Team 45 45 League T41"]
[Site "Internet Chess Club"]
[Date "2009.05.15"]
[Round "3"]
[White "Beddathanme"]
[Black "mcplayerus"]
[Result "1-0"]
[WhiteElo "1870"]
[BlackElo "1974"]
[Opening "Sicilian: dragon, Yugoslav attack, 9...Bd7"]
[ECO "B77"]
[Time "22:00:08"]
[TimeControl "2700+45"]

1. e4 g6 2. d4 Bg7 3. Nc3 c5 4. Nf3 cxd4 5. Nxd4 Nc6 6. Be3 d6 7. Bc4 Nf6 8. f3
O-O 9. Qd2 Bd7 10. h4 Ne5 11. Bb3 Rc8 12. O-O-O Nc4 13. Bxc4 Rxc4 14. h5 b5 15.
hxg6 fxg6 16. Bh6 Nxe4 17. Qe3 Bf6 18. Nxe4 {Black resigns} 1-0

[Event "Team 45 45 League T41"]
[Site "Internet Chess Club"]
[Date "2009.05.19"]
[Round "3"]
[White "Razorbackchess"]
[Black "Beetlejuice"]
[Result "0-1"]
[WhiteElo "1773"]
[BlackElo "1831"]
[Opening "English opening"]
[ECO "A20"]
[Time "14:10:38"]
[TimeControl "2700+45"]

1. c4 e5 2. g3 d6 3. Bg2 f5 4. e3 Nf6 5. Nc3 c6 6. Nge2 g6 7. d4 e4 8. O-O Bg7
9. b4 O-O 10. a4 a5 11. b5 c5 12. Bb2 Be6 13. d5 Bf7 14. Rb1 Nbd7 15. Na2 Ng4
16. Bxg7 Kxg7 17. h3 Nge5 18. Rc1 g5 19. f3 exf3 20. Bxf3 Nxf3+ 21. Rxf3 Bh5 22.
Rf2 Qe7 23. Qd2 b6 24. h4 h6 25. Nac3 Ne5 26. Qa2 Nd3 {White resigns} 0-1

[Event "Team 45 45 League T41"]
[Site "Internet Chess Club"]
[Date "2009.05.17"]
[Round "3"]
[White "room-matt"]
[Black "Kurukshetra"]
[Result "0-1"]
[WhiteElo "1782"]
[BlackElo "1712"]
[Opening "Sicilian: accelerated fianchetto, modern variation"]
[ECO "B34"]
[Time "09:03:25"]
[TimeControl "2700+45"]

1. e4 c5 2. Nf3 Nc6 3. d4 cxd4 4. Nxd4 g6 5. Nc3 Bg7 6. Be3 d6 7. f3 Nf6 8. Bc4
Bd7 9. O-O O-O 10. Qd2 a6 11. a3 Rc8 12. Ba2 b5 13. Rac1 Ne5 14. Nd5 Nxd5 15.
exd5 Nc4 16. Bxc4 Rxc4 17. Rfe1 Re8 18. c3 Qc8 19. g4 Qb7 20. Ne2 e6 21. Rcd1
exd5 22. b3 Rcc8 23. Bd4 Be5 24. h3 Qc7 25. Bxe5 dxe5 26. Kg2 Bc6 27. Ng3 Rcd8
28. Qg5 Qe7 29. Qxe7 Rxe7 30. h4 f6 31. h5 Kf7 32. hxg6+ hxg6 33. Rh1 Kg7 34.
Rh2 Rh8 35. Rxh8 Kxh8 36. Rh1+ Kg7 37. Kf2 e4 38. f4 d4 39. Rc1 d3 40. Ke3 Kf7
41. c4 d2 42. Kxd2 Rd7+ 43. Ke2 Rd3 44. cxb5 Bxb5 45. Kf2 Rf3+ 46. Kg2 Rxf4 47.
Rc7+ Ke6 48. Kh3 Rf3 49. a4 Bf1+ 50. Kh2 e3 51. Rc3 Rf2+ 52. Kg1 Rg2+ 53. Kxf1
Rxg3 54. Ke2 Rxg4 55. Rxe3+ Kd5 56. Kd3 a5 57. Re8 Kc5 58. Kc3 Rg3+ 59. Kb2 f5
60. Re6 f4 61. Re5+ Kd4 62. Rxa5 f3 63. Ra7 f2 64. Rf7 Ke3 65. Re7+ Kf3 66. Rf7+
Kg2 67. Rxf2+ Kxf2 68. a5 Re3 69. b4 g5 70. a6 Re7 71. Kb3 g4 72. b5 Ra7 {White
resigns} 0-1

[Event "Team 45 45 League T41"]
[Site "Internet Chess Club"]
[Date "2009.05.16"]
[Round "3"]
[White "QueensCounselor"]
[Black "markgravitygood"]
[Result "1/2-1/2"]
[WhiteElo "1998"]
[BlackElo "1873"]
[Opening "QGD Slav: 4.Nc3"]
[ECO "D15"]
[Time "15:04:24"]
[TimeControl "2700+45"]

1. d4 d5 2. c4 c6 3. Nf3 Nf6 4. Nc3 a6 5. a4 e6 6. g3 dxc4 7. Bg2 c5 8. O-O cxd4
9. Nxd4 Bc5 10. Be3 Nbd7 11. Nc2 Qe7 12. a5 O-O 13. Na4 Rb8 14. Qd2 Bxe3 15.
Nxe3 b5 16. axb6 Nxb6 17. Nxb6 Rxb6 18. Nxc4 Rd8 19. Qe3 Rb5 20. Rfd1 h5 21.
Rxd8+ Qxd8 22. Qa7 Qd7 23. Qxd7 Bxd7 24. Rxa6 Rb4 25. Ra8+ Kh7 26. Ne5 Rxb2 27.
Bf3 Be8 28. Bxh5 Nxh5 29. Rxe8 f6 30. Nd7 Rxe2 31. Rxe6 Rxe6 32. Nf8+ Kg8 33.
Nxe6 Kf7 34. Nd4 g6 35. f4 f5 36. Nc6 Kf6 37. Kf2 Ng7 38. Kf3 Ne8 39. Ke3 g5 40.
fxg5+ Kxg5 41. Kf3 Ng7 42. Nd4 Nh5 43. Ne6+ Kf6 44. Nf4 Ng7 45. h4 Kf7 46. Ke3
Ke7 47. Kd4 Kf6 48. Kd5 Ne8 49. Ne6 f4 50. Nxf4 Kf5 51. Ne2 Nf6+ 52. Kd4 Nh5 53.
Ke3 Kg4 54. Kf2 Nxg3 55. Nxg3 {Game drawn by mutual agreement} 1/2-1/2

[Event "Team 45 45 League T41"]
[Site "Internet Chess Club"]
[Date "2009.05.16"]
[Round "3"]
[White "tsia68"]
[Black "livis"]
[Result "1/2-1/2"]
[WhiteElo "1881"]
[BlackElo "1980"]
[Opening "French: King's Indian attack"]
[ECO "C00"]
[Time "15:01:31"]
[TimeControl "2700+45"]

1. e4 e6 2. d3 d5 3. Nd2 d4 4. g3 c5 5. Bg2 Nc6 6. Ngf3 Nge7 7. O-O Ng6 8. h4
Bd6 9. h5 Nge5 10. Nxe5 Bxe5 11. f4 Bf6 12. e5 Be7 13. Qg4 g6 14. Ne4 Qc7 15. a3
Bd7 16. Bd2 gxh5 17. Qxh5 O-O-O 18. b4 cxb4 19. axb4 Kb8 20. Rfb1 Rdf8 21. b5
Nd8 22. Ra4 Qxc2 23. Rba1 a6 24. R4a2 Qxd3 25. bxa6 Bc6 26. axb7 Bxe4 27. Ra8+
Kxb7 28. R1a7+ Kc6 29. Bxe4+ Qxe4 30. Qd1 Qd3 31. Rc8+ Kd5 32. Qe1 Nb7 33. Rxf8
Rxf8 34. Rxb7 Bc5 35. Kf2 Rg8 36. Qh1+ Kc4 37. Qc1+ Kd5 38. Qh1+ Kc4 39. Qc1+
Kd5 40. Qh1+ Kc4 41. Qc1+ Kd5 42. Qh1+ {Game drawn by repetition} 1/2-1/2

[Event "Team 45 45 League T41"]
[Site "Internet Chess Club"]
[Date "2009.05.25"]
[Round "3"]
[White "baumhauer"]
[Black "bogolijubov"]
[Result "1-0"]
[WhiteElo "1917"]
[BlackElo "1812"]
[Opening "Réti opening"]
[ECO "A04"]
[Time "14:33:06"]
[TimeControl "2700+45"]

1. Nf3 c5 2. g3 Nc6 3. Bg2 d5 4. d4 Nf6 5. O-O e6 6. c3 Be7 7. Nbd2 O-O 8. Re1
cxd4 9. cxd4 b6 10. b3 Bb7 11. Bb2 Rc8 12. Rc1 Nb4 13. a3 Nc6 14. Ne5 Nxe5 15.
Rxc8 Qxc8 16. dxe5 Nd7 17. e4 Nc5 18. Qb1 Rd8 19. Rc1 Qa8 20. Re1 dxe4 21. Nxe4
Nxe4 22. Bxe4 Bxe4 23. Qxe4 Qxe4 24. Rxe4 h6 25. Kf1 Rd2 26. Re2 Rxe2 27. Kxe2
Kf8 28. Kd3 Ke8 29. Kc4 Bc5 30. f3 Bg1 31. h3 Bc5 32. a4 Kd7 33. g4 Kc6 34. b4
Bf2 35. b5+ Kd7 36. Kd3 Bc5 37. Ke4 Bf2 38. Ba3 g6 39. Bf8 h5 40. gxh5 gxh5 41.
Kf4 Bh4 42. Ke4 f5+ 43. Kf4 Ke8 44. Bh6 Kf7 45. Bg5 Be1 46. Bd8 Bd2+ 47. Kg3 Ke8
48. Bc7 Be1+ 49. Kg2 Bb4 50. Kf2 Kd7 51. Bb8 Kc8 52. Bd6 Bxd6 53. exd6 Kd7 54.
Ke3 Kxd6 55. Kf4 e5+ 56. Kxf5 Kd5 57. Kg5 e4 58. fxe4+ Kxe4 59. Kxh5 Kf5 60. Kh6
Kf6 61. h4 Kf5 62. Kh5 Kf6 63. Kg4 Kg6 64. h5+ Kh6 65. Kh4 Kh7 66. Kg5 Kg7 67.
Kf5 {Black resigns} 1-0

[Event "Team 45 45 League T41"]
[Site "Internet Chess Club"]
[Date "2009.05.16"]
[Round "3"]
[White "cknights"]
[Black "Portola"]
[Result "1-0"]
[WhiteElo "1838"]
[BlackElo "1695"]
[Opening "QGD: 4.Nf3"]
[ECO "D37"]
[Time "19:30:08"]
[TimeControl "2700+45"]

1. d4 d5 2. c4 e6 3. Nc3 Nf6 4. Nf3 Be7 5. e3 O-O 6. Qc2 Nc6 7. a3 Bd7 8. Bd3
dxc4 9. Bxc4 a6 10. O-O Re8 11. e4 g6 12. h3 b5 13. Bd3 b4 14. Ne2 Na5 15. axb4
Bxb4 16. Bg5 h6 17. Bxh6 Nh5 18. Rfc1 Kh7 19. Ng5+ Kg8 20. e5 Bf8 21. Bxf8 Qxg5
22. Bb4 Bc6 23. g3 Rab8 24. Bd2 Qd8 25. Rxa5 Bf3 26. Qc3 c6 27. Bxa6 Ra8 28.
Qxf3 {Black resigns} 1-0

[Event "Team 45 45 League T41"]
[Site "Internet Chess Club"]
[Date "2009.05.14"]
[Round "3"]
[White "rubo"]
[Black "RingLord"]
[Result "0-1"]
[WhiteElo "1708"]
[BlackElo "1678"]
[Opening "Bird's opening"]
[ECO "A03"]
[Time "20:13:43"]
[TimeControl "2700+45"]

1. f4 d5 2. Nf3 Bg4 3. e3 Nd7 4. Be2 Ngf6 5. b3 Bxf3 6. Bxf3 e5 7. fxe5 Nxe5 8.
Bb2 Bd6 9. O-O Qe7 10. Nc3 c6 11. Ne2 Nxf3+ 12. Rxf3 O-O-O 13. Nd4 Qe5 14. g3 c5
15. Rb1 cxd4 16. Bxd4 Qh5 17. Rxf6 Qxd1+ 18. Rxd1 gxf6 19. Bxf6 Rhg8 20. Bxd8
Kxd8 21. Rf1 Ke7 22. Rf5 Ke6 23. Rh5 Rg7 24. c4 dxc4 25. bxc4 Bb4 26. d4 Bd2 27.
Kf2 f5 28. Ke2 Bb4 29. Kd3 Rf7 30. Rh6+ Kd7 31. c5 Kc7 32. Kc4 Bd2 33. Re6 Kd7
34. Re5 Re7 35. Rxf5 Bxe3 36. d5 Bg1 37. Rh5 Bf2 38. Kb5 Be3 39. d6 Rg7 40. a4
h6 41. Re5 Bg5 42. a5 Bd8 43. Rh5 a6+ 44. Kb4 Bg5 45. h4 Bd2+ 46. Kc4 Kc6 47.
Kd3 Bxa5 48. Rxh6 Rxg3+ 49. Ke4 Bd2 50. Rh7 Kxc5 51. Rxb7 Rg4+ 52. Ke5 Bc3+ 53.
Kf5 Rxh4 54. Rc7+ Kxd6 55. Rxc3 a5 56. Ra3 a4 57. Kg5 Rd4 58. Kf5 Kd5 59. Kf6
Kc5 60. Ke5 Rh4 61. Kf5 Kb4 62. Rg3 Rc4 63. Ke5 a3 64. Kd5 a2 65. Rg1 Rc2 66.
Kd4 Kb3 67. Kd3 Rh2 68. Rg8 Rh3+ 69. Kd2 a1=Q 70. Rg3+ Rxg3 {White resigns} 0-1

[Event "Team 45 45 League T41"]
[Site "Internet Chess Club"]
[Date "2009.05.17"]
[Round "3"]
[White "dougmo"]
[Black "g8wrb"]
[Result "0-1"]
[WhiteElo "1548"]
[BlackElo "1511"]
[Opening "Alekhine's defense: exchange variation"]
[ECO "B03"]
[Time "11:30:17"]
[TimeControl "2700+45"]

1. e4 Nf6 2. e5 Nd5 3. d4 d6 4. c4 Nb6 5. exd6 exd6 6. Nc3 Be7 7. Bd3 Nc6 8.
Nge2 Bg4 9. f3 Bh4+ 10. Ng3 Bd7 11. Be3 Qe7 12. Kd2 O-O 13. Re1 Nb4 14. Bf2 Qg5+
15. Be3 Qf6 16. Nge4 Bxe1+ 17. Qxe1 Qg6 18. Bf1 Rfe8 19. a3 Nc6 20. g4 Na5 21.
Kc2 Naxc4 22. d5 Nxe3+ 23. Qxe3 c6 24. dxc6 bxc6 25. Qd3 d5 26. Nc5 Qxd3+ 27.
Bxd3 Re3 28. Nxd7 Nxd7 29. Rf1 Rae8 30. Rf2 Nc5 31. Bf1 Rb8 32. b4 Ne6 33. Kd2
d4 34. Nb1 Re8 35. Bd3 Nf4 36. Be4 Re6 37. Nc3 Rxc3 {White resigns} 0-1

[Event "Team 45 45 League T41"]
[Site "Internet Chess Club"]
[Date "2009.05.16"]
[Round "3"]
[White "AtomicDog"]
[Black "Bookkeeper"]
[Result "0-1"]
[WhiteElo "1279"]
[BlackElo "1501"]
[Opening "Caro-Kann: advance variation"]
[ECO "B12"]
[Time "08:34:27"]
[TimeControl "2700+45"]

1. e4 c6 2. d4 d5 3. e5 Bf5 4. Nf3 e6 5. c3 c5 6. Be2 cxd4 7. cxd4 Nc6 8. O-O
Qb6 9. Nc3 Be7 10. Nb5 a6 11. Nd6+ Bxd6 12. exd6 Nf6 13. a3 O-O 14. b4 Rfd8 15.
Bf4 Ne4 16. Rc1 Nxd6 17. Be5 Nxe5 18. Nxe5 f6 19. Ng4 Rac8 20. Ne3 Rxc1 21. Qxc1
Rc8 22. Qd1 Bg6 23. Bg4 f5 24. Bf3 Nb5 25. Bxd5 exd5 26. Nxd5 Qd6 27. Ne3 Qxd4
{White resigns} 0-1

[Event "Team 45 45 League T41"]
[Site "Internet Chess Club"]
[Date "2009.05.16"]
[Round "3"]
[White "Victorianum"]
[Black "Monsieur"]
[Result "1/2-1/2"]
[WhiteElo "1726"]
[BlackElo "1626"]
[Opening "Latvian counter-gambit"]
[ECO "C40"]
[Time "05:04:49"]
[TimeControl "2700+45"]

1. e4 e5 2. Nf3 f5 3. Nxe5 Qe7 4. d4 d6 5. Nc4 Qxe4+ 6. Qe2 Qxe2+ 7. Bxe2 Nf6 8.
O-O Be7 9. Nc3 O-O 10. Bg5 Nc6 11. d5 Ne5 12. Ne3 h6 13. Bxf6 Bxf6 14. f4 Ng4
15. Nxg4 fxg4 16. Bd3 Bd7 17. g3 Rae8 18. Rae1 c6 19. Be4 Rf7 20. Bg6 Bd4+ 21.
Kg2 Rxe1 22. Rxe1 Rf8 23. Re7 Bc8 24. dxc6 bxc6 25. Ne4 d5 26. Nd6 Ba6 27. Nf5
Bxb2 28. Rxa7 Be2 29. Ne7+ Kh8 30. Nxc6 Bf3+ 31. Kf1 Be4 32. Bxe4 dxe4 33. Re7
Rc8 34. Nb4 Rc4 35. Nd5 Rxc2 36. Rxe4 Rxh2 37. Re8+ Kh7 38. Re2 Rxe2 39. Kxe2
Kg6 40. a4 Bd4 41. Kd3 Ba7 42. Ke4 Kf7 43. Kf5 h5 44. Kg5 g6 45. Nf6 h4 46. Kxh4
Kxf6 47. Kxg4 Bc5 48. a5 Ba7 49. a6 Bc5 50. Kf3 Ba7 51. g4 Bb6 52. Ke4 Ba7 53.
Kd5 Bg1 54. Kc6 Ke7 55. Kb7 Kd6 56. a7 Bxa7 57. Kxa7 Kd5 58. f5 {Game drawn by
mutual agreement} 1/2-1/2

[Event "Team 45 45 League T41"]
[Site "Internet Chess Club"]
[Date "2009.05.17"]
[Round "3"]
[White "john-beebs"]
[Black "BotanicalKnight"]
[Result "1-0"]
[WhiteElo "1518"]
[BlackElo "1543"]
[Opening "Robatsch (modern) defense"]
[ECO "B06"]
[Time "07:00:12"]
[TimeControl "2700+45"]

1. e4 g6 2. d4 Bg7 3. Nf3 c6 4. Be3 d5 5. e5 Nh6 6. Qd2 Nf5 7. Bf4 e6 8. Bg5 Qb6
9. c3 h6 10. Bf4 g5 11. Bg3 Nd7 12. b4 a5 13. a3 axb4 14. a4 bxc3 15. Nxc3 c5
16. Rb1 Qc7 17. Bb5 cxd4 18. Nxd4 Nxg3 19. hxg3 Qxe5+ 20. Nce2 Qe4 21. O-O O-O
22. Qb4 Ne5 23. Rfd1 Rb8 24. a5 Bd7 25. Nc3 Qg6 26. Qd6 Bxb5 27. Rxb5 Nc4 28.
Qb4 Rfc8 29. Rxb7 Ra8 30. Rb5 Bf8 31. Qa4 e5 32. Nf3 d4 33. Nd5 Rcb8 34. Qxc4
Qa6 35. Nc7 Rc8 36. Nxa6 Rxc4 37. Nxe5 Ra4 38. Nc5 R4xa5 39. Rxa5 Rxa5 40. Ncd7
Bg7 41. Nc6 Ra4 42. Nde5 f6 43. Nf3 f5 44. Nfxd4 Rc4 45. Ne7+ Kh7 {Black
resigns} 1-0

[Event "Team 45 45 League T41"]
[Site "Internet Chess Club"]
[Date "2009.05.17"]
[Round "3"]
[White "Fogbound"]
[Black "chesskix"]
[Result "0-1"]
[WhiteElo "1294"]
[BlackElo "1515"]
[Opening "Queen's bishop game"]
[ECO "D00"]
[Time "14:00:09"]
[TimeControl "2700+45"]

1. d4 d5 2. Bf4 Nf6 3. Nf3 c5 4. e3 Nc6 5. c3 g6 6. Bd3 c4 7. Bc2 Bg7 8. Nbd2
O-O 9. O-O Nh5 10. Bg5 f6 11. Bh4 b5 12. a3 Bh6 13. Re1 Ng7 14. Bg3 Nf5 15. Nf1
Nxg3 16. Nxg3 e5 17. Nh4 e4 18. Nhf5 Bg7 19. Nxg7 Kxg7 20. h4 Rh8 21. f3 f5 22.
h5 Qh4 23. Kf2 Bd7 24. h6+ Qxh6 25. Rh1 Qg5 26. f4 Qg4 27. Qxg4 fxg4 28. b4 Ne7
29. a4 h5 30. axb5 Bxb5 31. Ba4 a6 32. Bd1 Rh7 33. Ba4 Rhh8 34. Bd1 Nf5 35.
Nxf5+ gxf5 36. Ra5 h4 37. Be2 g3+ 38. Kg1 Rh6 39. Rh3 Be8 40. Rxd5 Bh5 41. Rd7+
Kh8 42. Bxc4 Bg4 43. Rh1 Rc8 44. Bxa6 Rxc3 45. Rd8+ Kg7 46. Rd7+ Kf8 47. Rd8+
Ke7 48. Rd5 Rxa6 49. Re5+ Kd6 {White resigns} 0-1

[Event "Team 45 45 League T41"]
[Site "Internet Chess Club"]
[Date "2009.05.17"]
[Round "3"]
[White "AMAV"]
[Black "BadHabitMarco"]
[Result "1/2-1/2"]
[WhiteElo "2105"]
[BlackElo "2050"]
[Opening "Queen's pawn game"]
[ECO "D00"]
[Time "10:30:56"]
[TimeControl "2700+45"]

1. d4 d5 2. e3 Bf5 3. c4 c6 4. cxd5 cxd5 5. Qb3 Qc7 6. Nc3 e6 7. Bd2 Nf6 8. Rc1
Nc6 9. Nf3 a6 10. Ne5 Bd6 11. Nxc6 bxc6 12. Qa4 O-O 13. a3 e5 14. dxe5 Bxe5 15.
Be2 Rfe8 16. Nd1 Bd7 17. Ba5 Qd6 18. Qh4 Ne4 19. Bc3 Re6 20. Bxe5 Qxe5 21. f4
Qc7 22. O-O d4 23. Bc4 dxe3 24. Bxe6 e2 25. Bxf7+ Kf8 26. Bc4 Qb6+ 27. Nf2
exf1=Q+ 28. Rxf1 Nd2 29. Re1 Qc5 30. Qxh7 Qxc4 31. Rd1 Re8 32. h3 Qe2 33. f5 Ne4
34. Rxd7 Qxf2+ 35. Kh2 Qg3+ 36. Kg1 Nf6 37. Qh8+ Ng8 38. Rd1 Re1+ 39. Rxe1 Qxe1+
40. Kh2 Qe5+ 41. Kh1 Qxf5 42. Qh4 Nf6 43. Qc4 Qb1+ 44. Kh2 Qxb2 45. Qxa6 Qe5+
46. Kh1 Ne4 47. a4 Nf2+ 48. Kg1 Qe1+ 49. Kh2 Qh1+ 50. Kg3 Ne4+ 51. Kf3 Nd2+ 52.
Kg3 Qe1+ 53. Kh2 Nf1+ 54. Kg1 Ne3+ 55. Kh2 Qf2 56. Qc8+ Kf7 57. Qxc6 Nf1+ 58.
Kh1 Ng3+ 59. Kh2 Nf1+ 60. Kh1 Ng3+ 61. Kh2 Nf1+ 62. Kh1 Ng3+ 63. Kh2 Nf1+ 64.
Kh1 {Game drawn by repetition} 1/2-1/2

[Event "Team 45 45 League T41"]
[Site "Internet Chess Club"]
[Date "2009.05.15"]
[Round "3"]
[White "koni"]
[Black "playwaycool"]
[Result "0-1"]
[WhiteElo "1909"]
[BlackElo "2052"]
[Opening "QGD Slav: exchange variation"]
[ECO "D13"]
[Time "03:01:16"]
[TimeControl "2700+45"]

1. Nf3 d5 2. d4 Nf6 3. c4 c6 4. cxd5 cxd5 5. Nc3 Nc6 6. Bf4 e6 7. e3 Bd6 8. Bxd6
Qxd6 9. Rc1 O-O 10. Bd3 h6 11. O-O a6 12. a3 b5 13. b4 Nd7 14. Bb1 f5 15. Qb3
Bb7 16. Ne2 Nb6 17. Nf4 Nc4 18. Nd3 a5 19. Nc5 Rfb8 20. Rfd1 axb4 21. a4 bxa4
22. Nxa4 Ba6 23. Bd3 Bb5 24. Ra1 Bxa4 25. Rxa4 Rxa4 26. Qxa4 Nb2 27. Qc2 Nxd1
28. Qxd1 b3 {White resigns} 0-1